 Dungeon Crawl Stone Soup version 0.17-a0-435-gc4df345 (webtiles) character file.

19784 krae the Severer (level 12, -14/114 HPs)
             Began as a Deep Dwarf Berserker on Apr 4, 2015.
             Was a High Priest of Trog.
             Hit by a large rock thrown by a stone giant (26 damage)
             ... on level 3 of the Orcish Mines.
             The game lasted 01:05:25 (8803 turns).

krae the Severer (Deep Dwarf Berserker)             Turns: 8803, Time: 01:05:25

Health: -14/114    AC: 16    Str: 25    XL:     12   Next: 39%
Magic:  11/11      EV: 13    Int:  8    God:    Trog [*****.]
Gold:   1079       SH:  0    Dex: 16    Spells: 0 memorised, 11 levels left

rFire  + + +     SeeInvis .     r - +0 broad axe (flame)
rCold  . . .     Clarity  .     j - +0 fire dragon armour (curse)
rNeg   . . .     SustAb   .     (no shield)
rPois  .         Gourm    .     S - +1 helmet {rC+}
rElec  .         Spirit   .     h - +2 cloak
rCorr  .         Warding  .     (no gloves)
rMut   .         Stasis   .     M - +0 pair of boots
MR     +....                    (no amulet)
Stlth  ..........               B - +3 ring of strength
                                y - ring of protection from fire

@: non-regenerating, drained, somewhat resistant to hostile enchantments,
extremely unstealthy
A: damage resistance, recharge devices, sense surroundings 2, slow healing 3
a: Device Recharging, Burn Spellbooks, Berserk, Trog's Hand, Brothers in Arms,
Renounce Religion


You were on level 3 of the Orcish Mines.
You worshipped Trog.
Trog was extremely pleased with you.
You were not hungry.

You visited 3 branches of the dungeon, and saw 15 of its levels.
You also visited: Ice Cave and Volcano.

You collected 1285 gold pieces.
You spent 206 gold pieces at shops.


Innate Abilities, Weirdness & Mutations

You are resistant to damage.
You can recharge devices by infusing magical energy.
You passively map the area around you.
You do not heal naturally.


   Skills:
 - Level 9.0(8.8) Fighting
 + Level 17.7(17.4) Axes
 - Level 5.8(5.6) Armour
 - Level 5.8(5.6) Dodging


You had 11 spell levels left.
You didn't know any spells.

Inventory:

Hand weapons
 a - a +0 hand axe of holy wrath
 p - a +2 hand axe of flaming
 q - a +1 broad axe of holy wrath
 r - a +0 broad axe of flaming (weapon)
Armour
 h - a +2 cloak (worn)
 j - a cursed +0 fire dragon armour (worn)
 n - a +1 chain mail
 o - a +0 plate armour
 M - a +0 pair of boots (worn)
 S - a +1 helmet of cold resistance (worn)
Jewellery
 y - a ring of protection from fire (left hand)
 B - a +3 ring of strength (right hand)
 F - a ring of ice
Magical devices
 c - a wand of heal wounds (0) {!d@v2}
 i - a wand of draining (4)
 v - a wand of slowing (13)
 w - a wand of teleportation (4) {!d@v4}
 C - a wand of random effects (20)
 I - a wand of cold (0)
 L - a wand of confusion (10)
 O - a wand of cold (8)
Scrolls
 H - 2 scrolls of enchant weapon
Potions
 e - 3 potions of heal wounds {unknown}
 g - a potion of flight
 k - a potion of cancellation
 l - 2 potions of ambrosia {unknown}
 m - 2 potions of brilliance
 s - a potion of agility
 t - a potion of resistance {unknown}
 u - 7 potions of curing {@q1}
 x - 2 potions of magic {unknown}
 z - 3 potions of berserk rage {unknown}
 D - 2 potions of poison {unknown}
Comestibles
 d - 7 bread rations
 f - 4 meat rations

Dungeon Overview and Level Annotations

Branches:
Dungeon (11/15)            Temple (1/1) D:4             Orc (3/4) D:11
   Lair: D:8-11         Elf: Orc:3-4

Altars:
Ashenzari
Cheibriados
Dithmenos
Elyvilon
Fedhas
Gozag
Kikubaaqudgha
Makhleb
Nemelex Xobeh
Okawaru
Ru
Sif Muna
Trog
Vehumet
Xom
Yredelemnul
Zin
The Shining One
Beogh

Shops:
Orc:1 (   Orc:2 [   Orc:3 *

Annotations:
D:9 exclusion: orange crystal statue

##.### ##.##
#....####...##
*#...........# ##
#.......#.### .##
####..........##
..###.##...........#
...#...........#...#
....#).#........(.##
.....)..........g.#
..............#..##
.................#
................#.*
..........#.....,.,*
...........#.#.. .#
..........#.##.C,##
.......... ,,...
....... , ,# *


You could see a stone giant.


Message History

No target in view!
Things that are here:
a dagger; a robe; an orc corpse The orc corpse is consumed in a column of flame.
Items here: )) [ † a halberd; a plate armour; a trident; an orc corpse The orc corpse is slowly consumed by flames.
Found 17 gold pieces.
You now have 1079 gold pieces (gained 17).
A stone giant comes into view.
The stone giant shouts!
The stone giant throws a large rock.
The large rock hits you!
* * * LOW HITPOINT WARNING * * *
You see here a large rock {=f}.
The stone giant throws a large rock.
The large rock hits you but does no damage.
You see here a large rock {=f}.
Evoke which item? (* to show all) (? for menu, Esc to quit)
Zapping:
c - a wand of heal wounds (1) {!d@v2} You feel much better.
This wand has 0 charges left.
The stone giant throws a large rock.
The large rock hits you!!!
* * * LOW HITPOINT WARNING * * *
Drink which item? (? for menu, Esc to quit)
Okay, then.
Read which item? (? for menu, Esc to quit)
Okay, then.
Use which ability? (? or * to list)
You fail to use your ability.
The stone giant throws a large rock.
The large rock hits you!!
You die...

Action                   |  1- 3 |  4- 6 |  7- 9 | 10-12 || total
-------------------------+-------+-------+-------+-------++-------
Melee: Hand axe          |   101 |    93 |   256 |   448 ||   898
       Falchion          |       |       |    67 |       ||    67
       War axe           |       |       |       |   132 ||   132
       Broad axe         |       |       |       |    89 ||    89
Invok: Berserk           |       |     3 |    13 |    22 ||    38
       Trog's Hand       |       |     1 |     6 |    32 ||    39
 Abil: Device Recharging |       |       |       |     1 ||     1
Evoke: Wand              |       |     1 |     3 |    21 ||    25
  Use: Scroll            |       |     7 |     7 |    12 ||    26
       Potion            |       |       |       |     2 ||     2
 Stab: Invisible         |       |       |       |     8 ||     8
       Confused          |       |       |       |     1 ||     1
  Eat: Chunk             |       |     4 |    14 |    23 ||    41
       Meat ration       |       |       |     2 |     1 ||     3
       Pizza             |       |       |       |     7 ||     7
       Beef jerky        |       |       |       |     4 ||     4

Vault maps used:
D:1:      minmay_arrival_nine_rooms
D:3:      first_bread, nicolae_qazlal_style_of_elements, uniq_robin
D:4:      minmay_temple_entry_statues_fountains
D:5:      uniq_blork_the_orc, uniq_menkaure, uniq_grinder
D:6:      uniq_crazy_yiuf_cottage
D:8:      grunt_livestock, uniq_prince_ribbit1, uniq_erica, uniq_maurice,
          uniq_grum
D:9:      minivault_16, makhleb_altar_promises_db
D:10:     minmay_lair_entry_lava, special_room, serial_shops,
          nicolae_shop_trees, kennysheep_mini_moat, kennysheep_mini
D:11:     david_orc_2, serial_column_ruins, column_ruins_grid_3,
          column_ruins_grid_1, column_ruins_open_tiny,
          column_ruins_columns_straight, column_ruins_open_large,
          portal_ice_cave_entry_ice_beasts, uniq_harold
Temple:   kilobyte_greek_temple_18
Orc:1:    serial_shops, shop, hangedman_feature_mirror
Orc:2:    serial_shops, shop, uniq_erolcha, uniq_urug, uniq_maud
Orc:3:    serial_shops, nicolae_shop_temple_entry_statues_fountains,
          nicolae_volcano_entry_hallway, nicolae_orc_pool_cavern, mines2_david
IceCv:    ice_cave_small_necro
Volcano:  volcano_grotto

Notes
Turn   | Place    | Note
--------------------------------------------------------------
     0 | D:1      | krae, the Deep Dwarf Berserker, began the quest for the Orb.
     0 | D:1      | Reached XP level 1. HP: 20/20 MP: 1/1
   164 | D:2      | Reached skill level 4 in Axes
   164 | D:2      | Reached XP level 2. HP: 20/27 MP: 2/2
   302 | D:2      | Acquired Trog's second power
   534 | D:3      | Reached XP level 3. HP: 23/33 MP: 3/3
   632 | D:5      | Entered Level 5 of the Dungeon
   661 | D:4      | Reached skill level 5 in Axes
   661 | D:4      | Reached XP level 4. HP: 20/40 MP: 4/4
   875 | D:5      | Noticed Blork the orc
   875 | D:5      | Noticed an ice beast
   884 | D:5      | Killed an ice beast
   884 | D:5      | Reached skill level 6 in Axes
   884 | D:5      | Reached XP level 5. HP: 37/46 MP: 5/5
   889 | D:5      | Killed Blork the orc
   889 | D:5      | Reached skill level 7 in Axes
   959 | D:5      | Noticed Menkaure
   965 | D:5      | Killed Menkaure
   965 | D:5      | Reached skill level 8 in Axes
   965 | D:5      | Reached XP level 6. HP: 55/55 MP: 6/6
  1295 | D:6      | Noticed a hungry ghost
  1310 | D:6      | Reached XP level 7. HP: 61/61 MP: 7/7
  1313 | D:6      | Killed a hungry ghost
  1313 | D:6      | Reached skill level 9 in Axes
  1541 | D:7      | Reached skill level 10 in Axes
  1664 | D:6      | Reached XP level 8. HP: 68/68 MP: 8/8
  1678 | D:6      | Got an ivory falchion
  1679 | D:6      | Identified the +2 falchion "Urabbiwk" {freeze, rElec rN++ Str+4} (You took it off an orc on level 6 of the Dungeon)
  1762 | D:6      | Reached skill level 11 in Axes
  1938 | D:6      | Noticed Crazy Yiuf
  1942 | D:6      | Killed Crazy Yiuf
  2462 | D:7      | Reached skill level 12 in Axes
  2820 | D:5      | Noticed Grinder
  2829 | D:5      | Killed Grinder
  3383 | D:4      | Noticed a phantom
  3418 | D:4      | Killed a phantom
  3418 | D:4      | Gained mutation: You passively map the area around you. [Deep Dwarf growth]
  3418 | D:4      | Reached XP level 9. HP: 28/74 MP: 9/9
  3520 | D:4      | Found a staircase to the Ecumenical Temple.
  3532 | Temple   | Entered the Ecumenical Temple
  3724 | D:8      | Reached skill level 13 in Axes
  3796 | D:8      | Noticed Prince Ribbit
  3811 | D:8      | Killed Prince Ribbit
  3940 | D:8      | Noticed a troll
  3948 | D:8      | Killed a troll
  4073 | D:8      | Reached skill level 14 in Axes
  4128 | D:8      | Noticed a human
  4129 | D:8      | Noticed a hog
  4136 | D:8      | Killed a hog
  4139 | D:8      | Acquired Trog's third power
  4140 | D:8      | Killed a human
  4273 | D:8      | Got an iridescent dagger
  4349 | D:8      | Noticed Maurice
  4369 | D:8      | Killed Maurice
  4369 | D:8      | Reached skill level 15 in Axes
  4369 | D:8      | Reached XP level 10. HP: 73/81 MP: 10/10
  4395 | D:8      | Noticed Erica
  4427 | D:8      | Noticed Grum
  4438 | D:8      | Killed Grum
  4474 | D:8      | Killed Erica
  4887 | D:9      | Found a burning altar of Makhleb.
  4888 | D:9      | Noticed a blizzard demon
  4910 | D:9      | Noticed an orange crystal statue
  4956 | D:10     | Entered Level 10 of the Dungeon
  5086 | D:10     | Reached skill level 16 in Axes
  5298 | D:11     | Noticed a hill giant
  5306 | D:11     | Killed a hill giant
  5306 | D:11     | Reached skill level 4 in Fighting
  5424 | D:11     | Found a staircase to the Orcish Mines.
  5466 | D:11     | Noticed Harold
  5490 | D:11     | Killed Harold
  5490 | D:11     | Reached skill level 5 in Fighting
  5565 | D:11     | Noticed a cyclops
  5574 | D:11     | Killed a cyclops
  5574 | D:11     | Reached skill level 6 in Fighting
  5577 | D:11     | Found a frozen archway.
  5591 | D:11     | Reached XP level 11. HP: 32/99 MP: 11/11
  5598 | D:11     | HP: 7/99 [ice beast (6)]
  5602 | D:11     | Reached skill level 7 in Fighting
  5686 | IceCv    | Entered an ice cave
  5859 | IceCv    | Reached skill level 8 in Fighting
  6177 | IceCv    | Identified the cursed +2 dagger of Dyash {flame, Dex+4} (You took it off a gnoll on level 8 of the Dungeon)
  6228 | IceCv    | Reached skill level 9 in Fighting
  6260 | IceCv    | Reached skill level 3 in Armour
  6321 | IceCv    | Found an ancient bone altar of Kikubaaqudgha.
  6333 | IceCv    | Reached skill level 3 in Dodging
  6474 | IceCv    | Noticed an ice statue
  6521 | IceCv    | Killed an ice statue
  6521 | IceCv    | Reached skill level 4 in Armour
  6580 | IceCv    | Noticed a necromancer
  6598 | IceCv    | HP: 7/106 [necromancer/bolt of fire (38)]
  6598 | IceCv    | HP: 1/106 [troll simulacrum (5)]
  6602 | IceCv    | Reached skill level 4 in Dodging
  6628 | IceCv    | Killed a necromancer
  6776 | Orc:1    | Entered Level 1 of the Orcish Mines
  6952 | Orc:1    | Found Qoxkadij's Antique Weapon Boutique.
  6986 | Orc:1    | Bought a runed war axe for 94 gold pieces
  7007 | Orc:1    | Found a radiant altar of Vehumet.
  7189 | Orc:1    | Reached skill level 5 in Armour
  7228 | Orc:2    | Reached skill level 5 in Dodging
  7498 | Orc:1    | Found a roughly hewn altar of Beogh.
  7670 | Orc:3    | Found Desaffea's General Store.
  7695 | Orc:3    | Received a gift from Trog
  7724 | Orc:3    | Bought a scroll of enchant weapon for 112 gold pieces
  7747 | Orc:3    | Found a dark tunnel.
  7763 | Volcano  | Entered a volcano
  7908 | Volcano  | Found a burning altar of Makhleb.
  7946 | Volcano  | Reached XP level 12. HP: 52/114 MP: 11/11
  7986 | Volcano  | Identified a cursed +0 fire dragon armour (You found it in a volcano)
  8053 | Orc:2    | Found Fasese Vape's Armour Shop.
  8086 | Orc:2    | Noticed Erolcha
  8109 | Orc:2    | Killed Erolcha
  8326 | Orc:2    | Noticed Urug
  8326 | Orc:2    | Noticed Maud
  8347 | Orc:2    | Killed Urug
  8347 | Orc:2    | Reached skill level 17 in Axes
  8355 | Orc:2    | Killed Maud
  8735 | Orc:3    | Found a roughly hewn altar of Beogh.
  8800 | Orc:3    | Noticed a stone giant
  8803 | Orc:3    | Hit by a large rock thrown by a stone giant

Vanquished Creatures
  Maud (Orc:2)
  Harold (D:11)
  Erolcha (Orc:2)
  Erica (D:8)
  Urug (Orc:2)
  A hill giant (D:11)
  An ice statue (IceCv)
  2 orc knights
  A necromancer (IceCv)
  An orc sorcerer (Orc:3)
  Maurice (D:8)
  A cyclops (D:11)
  An efreet (Volcano)
  2 molten gargoyles (Volcano)
  10 freezing wraiths (IceCv)
  A troll (D:8)
  Grinder (D:5)
  Prince Ribbit (D:8)
  A hog (D:8)
  A wyvern (D:11)
  A hungry ghost (D:6)
  Grum (D:8)
  A human (D:8)
  Menkaure (D:5)
  A hippogriff (D:11)
  A fire elemental (Volcano)
  A warg (Orc:1)
  2 wolves (D:8)
  A water moccasin (D:7)
  2 death yak simulacra (IceCv)
  8 orc warriors
  A black bear (D:6)
  18 ice beasts
  10 ogres
  4 phantoms
  2 centaurs
  A big kobold (D:11)
  Blork the orc (D:5)
  An earth elemental (Volcano)
  A wyvern zombie (D:7)
  2 giant frogs (D:6)
  A wyvern skeleton (D:7)
  13 orc priests
  A centaur zombie (D:7)
  3 crimson imps
  A gnoll shaman (D:8)
  A centaur skeleton (D:6)
  A hound (D:9)
  15 orc wizards
  2 draconian simulacra (IceCv)
  2 jellies
  Crazy Yiuf (D:6)
  A giant frog zombie (D:5)
  5 lava snakes (Volcano)
  An iguana (D:6)
  A spriggan simulacrum (IceCv)
  11 troll simulacra (IceCv)
  A polar bear simulacrum (IceCv)
  A wolf simulacrum (IceCv)
  7 worker ants
  3 sheep (D:8)
  2 centaur simulacra (IceCv)
  A mummy (D:8)
  7 gnolls (D:8)
  A worker ant zombie (D:9)
  4 adders
  4 ogre simulacra (IceCv)
  2 shadow imps
  12 white imps (IceCv)
  3 adder skeletons
  An adder zombie (D:9)
  6 giant geckos
  102 orcs
  2 bat skeletons
  A bat zombie (D:8)
  A giant cockroach (D:2)
  12 goblins
  3 hobgoblins
  12 kobolds
  6 quokkas
  A ball python (D:2)
  12 bats
  A giant gecko skeleton (D:5)
  A giant gecko zombie (D:6)
  4 giant newts
  5 jackals
  An orc zombie (D:8)
  13 rats
384 creatures vanquished.

Vanquished Creatures (collateral kills)
  2 gargoyles (Volcano)
  An orc warrior (D:11)
  An adder (D:11)
  A shadow imp (D:11)
  4 orcs (D:11)
9 creatures vanquished.

Vanquished Creatures (others)
  A hill giant (D:11)
  A yak (D:11)
  An orc (Orc:1)
3 creatures vanquished.

Grand Total: 396 creatures vanquished
